 Dungeon Crawl Stone Soup version 0.29-a0-541-gaf1fc19f1b (webtiles) character file.

Game seed: 13564375211075443621

1550 bande the Bolt Thrower (level 8, -16/59 HPs)
             Began as a Gnoll Wanderer on June 2, 2022.
             Demolished by an ogre
             ... wielding a +0 giant club
              (31 damage)
             ... on level 4 of the Dungeon.
             The game lasted 00:10:47 (5803 turns).

bande the Bolt Thrower (Gnoll Wanderer)             Turns: 5803, Time: 00:10:48

Health: -16/59     AC:  8    Str:  9    XL:     8   Next: 88%
Magic:  24/24      EV: 11    Int: 13    God:
Gold:   185        SH:  0    Dex: 15    Spells: 15/16 levels left

rFire   . . .      SeeInvis .   a - +3 hand crossbow
rCold   . . .      Faith    .   (no shield)
rNeg    . . .      Spirit   .   g - +0 ring mail
rPois   .          Reflect  .   (no helmet)
rElec   .          Harm     .   b - +1 cloak
rCorr   .          Rampage  .   (no gloves)
Will    .....                   (no boots)
Stlth   ++........              (no amulet)
HPRegen 0.19/turn               k - +4 ring of slaying
MPRegen 0.19/turn               n - ring of magical power

@: no status effects
A: fangs 1, strong nose, distributed training
a: no special abilities


You were on level 4 of the Dungeon.
You visited 1 branch of the dungeon, and saw 4 of its levels.
You also visited: Sewer.

You collected 185 gold pieces.

Inventory:

Hand Weapons
 a - a +3 hand crossbow (weapon)
 f - a +1 dire flail of draining
 l - a +0 flail
Armour
 b - a +1 cloak (worn)
 g - a +0 ring mail (worn)
 m - a +0 leather armour of cold resistance
Magical Staves
 i - a staff of cold
Jewellery
 e - a ring of protection from cold
 k - a +4 ring of slaying (left hand)
 n - a ring of magical power (right hand)
Scrolls
 c - 7 scrolls of blinking
 d - 3 scrolls of fog
 r - 2 scrolls of teleportation
Potions
 h - 3 potions of haste
 j - 2 potions of invisibility
 o - a potion of flight
 t - a potion of might


   Skills:
 + Level 3.6 Fighting
 + Level 3.6 Short Blades
 + Level 3.6 Long Blades
 + Level 3.6 Axes
 + Level 3.6 Maces & Flails
 + Level 3.6 Polearms
 + Level 3.6 Staves
 + Level 3.6 Slings
 + Level 3.6 Bows
 + Level 7.5 Crossbows
 + Level 3.6 Throwing
 + Level 4.5 Armour
 + Level 3.6 Dodging
 + Level 5.6 Stealth
 + Level 3.6 Shields
 + Level 3.6 Unarmed Combat
 + Level 4.6 Spellcasting
 + Level 3.0 Conjurations
 + Level 3.0 Hexes
 + Level 3.0 Summonings
 + Level 3.0 Necromancy
 + Level 3.0 Translocations
 + Level 3.0 Transmutations
 + Level 3.0 Fire Magic
 + Level 3.0 Ice Magic
 + Level 3.0 Air Magic
 + Level 3.0 Earth Magic
 + Level 4.9 Poison Magic
 + Level 4.0 Invocations
 + Level 4.5 Evocations


You had 15 spell levels left.
You knew the following spells:

 Your Spells              Type           Power      Damage    Failure   Level
a - Sting                 Tmut/Pois      52%        1d5       10%         1

Your spell library contained the following spells:

 Spells                   Type           Power      Damage    Failure   Level
 Slow                     Hex            40%        N/A       14%         1
 Spider Form              Tmut/Pois      13%        N/A       28%         3
 Confusing Touch          Hex            10%        N/A       38%         3
 Tukima's Dance           Hex            10%        N/A       38%         3
 Vampiric Draining        Necr           10%        2d6       38%         3
 Passage of Golubria      Tloc           10%        N/A       80%         4
 Yara's Violent Unravell  Hex/Tmut       5%         3d4       98%         5


Dungeon Overview and Level Annotations

Branches:
Dungeon (4/15)              Sewer (visited)
 Temple: D:4-7

Altars:
Fedhas

Shops:
D:2 [(:(


Innate Abilities, Weirdness & Mutations

You have very sharp teeth.
Your uncanny sense of smell can sniff out nearby items.
Your experience applies equally to all skills.


Message History

There is an open door here.
You shoot a bolt. The bolt hits the adder.
The adder is moderately wounded.
You shoot a bolt. The bolt barely misses the adder.
You shoot a bolt. The bolt hits the adder.
The adder is severely wounded.
The adder bites you but does no damage. x2
You shoot a bolt. The bolt hits the adder!
You kill the adder!
No target in view!
No target in view!
No target in view!
No target in view!
No target in view!
No target in view!
Found a robe.
You see here a giant cockroach corpse.
An ogre and a hobgoblin come into view.
There are monsters nearby!
You shoot a bolt. The bolt hits the ogre.
The ogre shouts!
The ogre is lightly wounded.
The ogre hits you with a +0 giant club!!
You shoot a bolt. The bolt hits the ogre!
The ogre is heavily wounded.
You shoot a bolt. The bolt hits the ogre!
The ogre is almost dead.
The ogre hits you with a +0 giant club!!
* * * LOW HITPOINT WARNING * * *
You are too injured to fight recklessly!
You are too injured to fight recklessly!
You are too injured to fight recklessly!
You are too injured to fight recklessly!
You are too injured to fight recklessly!
You are too injured to fight recklessly!
You are too injured to fight recklessly!
The ogre attacks as you move away!
The ogre hits you with a +0 giant club!!
Ouch! That really hurt!
You die...

#.# #.#
#.#######
#........
####.######.#
#............
#####'######.
#..#..†#...#.#
#[...@Og...'..
#):#†.)#...#..
..
############
##


You could see an ogre and a hobgoblin.

Vanquished Creatures
  Pikel (D:3)
  Edmund (D:4)
  3 ogres (D:4)
  2 phantoms (D:4)
  A lemure (D:3)
  2 kobold brigands (Sewer)
  A scorpion (D:3)
  A hound (D:2)
  2 iguanas (D:4)
  6 gnolls
  6 adders
  5 river rats (Sewer)
  An ufetubus (D:4)
  4 worms
  A dart slug (D:1)
  3 orcs (D:4)
  7 endoplasms
  6 giant cockroaches
  3 hobgoblins
  4 jackals (Sewer)
  7 kobolds
  3 quokkas
  12 ball pythons
  7 bats
  8 frilled lizards
  13 goblins
  6 rats
116 creatures vanquished.

Vanquished Creatures (others)
  7 plants (Sewer)
7 creatures vanquished.

Grand Total: 123 creatures vanquished

Notes
Turn   | Place    | Note
-------+----------+-------------------------------------------
     0 | D:1      | bande the Gnoll Wanderer began the quest for the Orb.
     0 | D:1      | bande set off with the following items: a +2 hand crossbow,
                  | a +0 cloak, a scroll of blinking, a +0 robe; and the
                  | following spell memorised: Sting; and the following spells
                  | available to memorise: Spider Form
     0 | D:1      | Reached XP level 1. HP: 13/13 MP: 4/4
   197 | D:1      | Found a faded altar of an unknown god.
   223 | D:1      | Reached XP level 2. HP: 19/19 MP: 5/5
   644 | D:1      | Reached XP level 3. HP: 25/25 MP: 7/7
   858 | D:2      | Reached skill level 1 in Fighting
   858 | D:2      | Reached skill level 1 in Short Blades
   858 | D:2      | Reached skill level 1 in Long Blades
   858 | D:2      | Reached skill level 1 in Axes
   858 | D:2      | Reached skill level 1 in Maces & Flails
   858 | D:2      | Reached skill level 1 in Polearms
   858 | D:2      | Reached skill level 1 in Staves
   858 | D:2      | Reached skill level 1 in Slings
   858 | D:2      | Reached skill level 1 in Bows
   858 | D:2      | Reached skill level 1 in Throwing
   858 | D:2      | Reached skill level 1 in Dodging
   858 | D:2      | Reached skill level 1 in Shields
   858 | D:2      | Reached skill level 1 in Unarmed Combat
   858 | D:2      | Reached skill level 1 in Invocations
  1063 | D:2      | Reached XP level 4. HP: 32/32 MP: 8/8
  1281 | D:2      | Found Paech's Armour Emporium.
  1393 | D:2      | Found Toofohet's Weapon Shoppe.
  1594 | D:2      | Found Widoef's Weapon Boutique.
  1868 | D:2      | Reached skill level 1 in Conjurations
  1868 | D:2      | Reached skill level 1 in Hexes
  1868 | D:2      | Reached skill level 1 in Summonings
  1868 | D:2      | Reached skill level 1 in Necromancy
  1868 | D:2      | Reached skill level 1 in Translocations
  1868 | D:2      | Reached skill level 1 in Transmutations
  1868 | D:2      | Reached skill level 1 in Fire Magic
  1868 | D:2      | Reached skill level 1 in Ice Magic
  1868 | D:2      | Reached skill level 1 in Air Magic
  1868 | D:2      | Reached skill level 1 in Earth Magic
  1896 | D:2      | Found Hamac's Book Emporium.
  2055 | D:3      | Found a glowing drain.
  2076 | Sewer    | Entered a sewer
  2103 | Sewer    | Reached XP level 5. HP: 37/37 MP: 9/9
  2262 | Sewer    | Noticed a kobold brigand
  2268 | Sewer    | Killed a kobold brigand
  2310 | Sewer    | Reached XP level 6. HP: 44/44 MP: 10/10
  3557 | D:4      | Noticed Pikel
  4105 | D:3      | Killed Pikel
  4106 | D:3      | Reached skill level 7 in Crossbows
  4106 | D:3      | Reached skill level 5 in Stealth
  4106 | D:3      | Reached XP level 7. HP: 11/51 MP: 13/13
  4106 | D:3      | Reached XP level 8. HP: 13/57 MP: 14/14
  4494 | D:4      | Found a blossoming altar of Fedhas.
  4983 | D:4      | Noticed Edmund
  4992 | D:4      | Killed Edmund
  5803 | D:4      | Demolished by an ogre

Illustrated notes

Levels and vault maps discovered:
D:1:      heliophobic_arrival_enchanted_forest, layout_basic,
          basic_ecumenical_altar, dreamdust_wishing_well, st_stairs_2,
          hangedman_feature_mirror
D:2:      layout_loops_corners, serial_shops, nicolae_shop_bloodbath_and_beyond,
          shop, shop, shop, kennysheep_cluttered_room, corexii_hall_statues_i,
          amethyst_killhole
D:3:      layout_basic, cheibrodos_sewer_entry_drain
D:4:      minmay_thinvault, layout_basic, fedhas_altar_1, uniq_edmund,
          uniq_pikel

Skill      XL: |  1  2  3  4  5  6  7  8 |
---------------+-------------------------+-----
Fighting       | 1 2 3 |  3.6
Short Blades   | 1 2 3 |  3.6
Long Blades    | 1 2 3 |  3.6
Axes           | 1 2 3 |  3.6
Maces & Flails | 1 2 3 |  3.6
Polearms       | 1 2 3 |  3.6
Staves         | 1 2 3 |  3.6
Slings         | 1 2 3 |  3.6
Bows           | 1 2 3 |  3.6
Throwing       | 1 2 3 |  3.6
Dodging        | 1 2 3 |  3.6
Shields        | 1 2 3 |  3.6
Unarmed Combat | 1 2 3 |  3.6
Invocations    | 1 3 4 |  4.0
Spellcasting   | 3 4 |  4.6
Conjurations   | 1 2 3 |  3.0
Hexes          | 1 2 3 |  3.0
Summonings     | 1 2 3 |  3.0
Necromancy     | 1 2 3 |  3.0
Translocations | 1 2 3 |  3.0
Transmutations | 1 2 3 |  3.0
Fire Magic     | 1 2 3 |  3.0
Ice Magic      | 1 2 3 |  3.0
Air Magic      | 1 2 3 |  3.0
Earth Magic    | 1 2 3 |  3.0
Armour         | 3 4 |  4.5
Poison Magic   | 4 |  4.9
Evocations     | 3 4 |  4.5
Crossbows      | 7 |  7.5
Stealth        | 5 |  5.6

Action                   |  1- 3 |  4- 6 |  7- 9 || total
-------------------------+-------+-------+-------++-------
Melee: Mace              |       |     9 |     1 ||    10
 Fire: Hand crossbow     |    65 |   138 |    94 ||   297
 Cast: Sting             |     1 |     1 |       ||     2
  Use: Scroll            |     3 |     5 |     3 ||    11
       Potion            |       |     8 |       ||     8
 Stab: Sleeping          |       |       |     1 ||     1
Armor: Ring mail         |     8 |    23 |    12 ||    43
       Skin              |       |    16 |       ||    16
Dodge: Dodged            |    16 |    45 |    22 ||    83

Table legend: (Time is in decaauts)
 A = Elapsed time spent in this place.
 B = Non-inter-level travel time spent in this place.
 C = Inter-level travel time spent in this place.
 D = Time resting spent in this place.
 E = Time spent auto-exploring this place.
 F = Levels seen in this place.
 G = Mean time per level.
                   A        B        C        D        E       F      G
               +--------+--------+--------+--------+--------+-----+--------+
         Total |   6046 |   6013 |     33 |   1709 |   3432 |   5 | 1209.2 |
       Dungeon |   5097 |   5064 |     33 |   1709 |   2647 |   4 | 1274.2 |
         Sewer |    948 |    948 |      0 |      0 |    785 |   1 |  948.0 |
               +--------+--------+--------+--------+--------+-----+--------+

Top non-repeatable levels by time:
     D:3: 1648 daAuts
     D:4: 1369 daAuts
     D:2: 1221 daAuts
   Sewer: 948 daAuts
     D:1: 859 daAuts
